 Dungeon Crawl Stone Soup version 0.30.0-11-gf55b779eaf (webtiles) character file.

Game seed: 15245237942862838815

3738 hikkokomori the Covert (level 9, -5/47 HPs)
             Began as a Spriggan Hexslinger on May 17, 2023.
             Killed by an exploding killer bee (36 damage)
             ... ignited by their inner flame
             ... on level 7 of the Dungeon.
             The game lasted 00:29:52 (8997 turns).

hikkokomori the Covert (Spriggan Hexslinger)        Turns: 8997, Time: 00:29:53

Health: -5/47      AC:  5    Str:  6    XL:     9   Next: 93%
Magic:  16/20      EV: 22    Int: 14    God:
Gold:   536        SH:  0    Dex: 20    Spells: 5/22 levels left

rFire   . . .        D - +0 shortbow
rCold   . . .        (shield currently unavailable)
rNeg    . . .        y - +2 robe
rPois   .            (helmet restricted)
rElec   .            m - +0 cloak
rCorr   .            (gloves unavailable)
SInv    +            (boots unavailable)
Will    +....        (no amulet)
Stlth   ++++         (no ring)
HPRegen 0.27/turn    (no ring)
MPRegen 0.17/turn

%: no passive effects
@: studying Armour, very quick
A: very small, no large weapons, unfitting armour, see invisible, speed 3
a: no special abilities


You were on level 7 of the Dungeon.
You visited 2 branches of the dungeon, and saw 9 of its levels.
You also visited: Sewer.

You collected 536 gold pieces.

Inventory:

Hand Weapons
 a - a +1 sling
 q - a +6 mace of protection
 w - a +2 short sword of freezing
 D - a +0 shortbow (weapon)
Armour
 m - a +0 cloak (worn)
 u - the +2 hat of Honour {Contam Rampage *Corrode rPois}
   (You found it on level 3 of the Dungeon)

   rPois:     It protects you from poison.
   Contam:    It causes magical contamination when unequipped.
   *Corrode:  It may corrode you when you take damage.
   Rampage:   It bestows one free step when moving towards enemies.
 y - a +2 robe (worn)
Jewellery
 C - an amulet of reflection
 H - a ring of resist corrosion
Wands
 x - a wand of flame (34)
 z - a wand of charming (19)
Scrolls
 b - 3 scrolls of poison
 c - 4 scrolls of blinking {unknown}
 g - a scroll of vulnerability
 h - 2 scrolls of noise {unknown}
 k - a scroll of amnesia {unknown}
 l - 3 scrolls of fear
 p - a scroll of enchant weapon
 r - a scroll of teleportation
 s - a scroll of torment {unknown}
 A - a scroll of brand weapon {unknown}
 G - 3 scrolls of identify
Potions
 d - 4 potions of berserk rage
 e - 2 potions of might {unknown}
 f - 5 potions of cancellation
 i - 7 potions of flight
 j - 11 potions of curing
 n - 2 potions of mutation {unknown}
 o - 5 potions of heal wounds
 t - 4 potions of brilliance
 v - 2 potions of attraction
 B - 2 potions of magic {unknown}
 E - a potion of ambrosia {unknown}
 F - a potion of degeneration {unknown}


   Skills:
 + Level 5.3 Fighting
 + Level 6.7 Ranged Weapons
 + Level 7.5 Dodging
 - Level 9.0 Stealth
 + Level 7.2 Spellcasting
 - Level 5.4 Hexes
 + Level 3.0 Translocations
 - Level 1.5 Fire Magic


You had 5 spell levels left.
You knew the following spells:

 Your Spells              Type           Power      Damage    Failure   Level
a - Slow                  Hex            80%        N/A       1%          1
b - Ensorcelled Hibernat  Hex/Ice        24%        N/A       7%          2
c - Inner Flame           Hex/Fire       14%        N/A       10%         3
d - Swiftness             Air            5%         N/A       38%         3
e - Passwall              Tmut/Erth      4%         N/A       22%         2
f - Portal Projectile     Hex/Tloc       32%        N/A       8%          3
g - Gell's Gravitas       Tloc           13%        N/A       12%         3

Your spell library contained the following spells:

 Spells                   Type           Power      Damage    Failure   Level
 Lesser Beckoning         Tloc           26%        N/A       6%          2
 Teleport Other           Tloc           13%        N/A       12%         3
 Cause Fear               Hex            10%        N/A       14%         4
 Sublimation of Blood     Necr           5%         N/A       22%         2
 Wereblood                Tmut           5%         N/A       22%         2
 Summon Hydra             Summ           2%         N/A       100%        7


Dungeon Overview and Level Annotations

Branches:
Dungeon (8/15)             Temple (1/1) D:6           Sewer (visited)
   Lair: D:8-11

Altars:
Ashenzari
Dithmenos
Elyvilon
Fedhas
Hepliaklqana
Kikubaaqudgha
Makhleb
Nemelex Xobeh
Okawaru
Qazlal
Ru
Sif Muna
Trog
Uskayaw
Vehumet
Wu Jian
Xom
The Shining One

Annotations:
D:1 1 runed translucent door
D:8 2 transporters


Innate Abilities, Weirdness & Mutations

You are very small and have problems with some larger weapons.
You are too small for most types of armour.
You have supernaturally acute eyesight. (SInv)
You cover ground extremely quickly. (Speed+++)


Message History

The killer bee stings you but does no damage.
The killer bee stings you.
Unknown command.
The killer bee attacks as you move away!
The killer bee closely misses you. The killer bee completely misses you.
The killer bee attacks as you move away!
The killer bee closely misses you.
The killer bee attacks as you move away!
The killer bee stings you.
You are poisoned.
The killer bee poisons you!
You feel sick.
You feel sick.
The killer bee attacks as you move away!
The killer bee misses you. The killer bee completely misses you.
There is a stone staircase leading up here.
You feel sick. The killer bee closely misses you. The killer bee misses you.
The killer bee completely misses you. The killer bee barely misses you.
The killer bee closely misses you.
You climb upwards.
You feel sick.
There is a stone staircase leading down here.
You feel sick.
The killer bee attacks as you move away!
The killer bee stings you but does no damage.
The killer bee attacks as you move away!
The killer bee barely misses you.
You feel sick.
You feel sick.
You are no longer poisoned.
Fire: D) +0 shortbow
Press: ? - help, Shift-Dir - straight line, f - killer bee
Aim: a killer bee (inner flame, 44% to hit)
You shoot an arrow. The arrow hits the killer bee.
Flame seeps out of the killer bee.
The killer bee is lightly wounded.
The killer bee is engulfed in blazing flames.
Flame seeps out of the killer bee.
The killer bee stings you.
The killer bee is engulfed in blazing flames.
The killer bee explodes!
The fiery explosion engulfs you!!!
Ouch! That really hurt!
You die...

##......## ###
##........# #####.#
#.........# ###..#.##
##......### #.....##
#.....### #.....#
##.###..#### #.....#
####......######§....##
## ##...##....##○y.....#
.####...######..@##.>...#
...##.)## ###.##....##
...#.))# #.##....#
...#).## #..##...#
...).## ##.##...# .....#
#.###.## ....## #.###.#
....# ##.#### ...## #.#
########


You could see a killer bee (inner flame).

Vanquished Creatures
  Prince Ribbit (D:7)
  A steam dragon (D:8)
  A water moccasin (D:7)
  Duvessa (D:4)
  3 ice beasts (D:6)
  A black bear (D:7)
  2 sky beasts
  2 ogres
  A centaur (D:6)
  2 kobold brigands (D:8)
  A bullfrog (D:7)
  3 scorpions
  17 wights
  Dowan (D:4)
  A killer bee (D:7)
  3 howler monkeys
  5 hounds
  An orc priest (D:7)
  2 jellies (D:6)
  3 sleepcaps
  Jessica (D:2)
  2 gnoll boudas (D:7)
  Natasha (thrice) (D:2)
  5 iguanas
  A sickly merfolk siren (Sewer)
  A malarious merfolk avatar (Sewer)
  Robin (D:2)
  4 adders
  9 gnolls (D:7)
  2 river rats (Sewer)
  2 shadow imps
  A white imp (D:5)
  2 ufetubi (D:5)
  2 worms
  2 dart slugs
  21 orcs
  9 ball pythons
  5 endoplasms
  5 giant cockroaches
  13 goblins
  6 hobgoblins
  2 jackals (D:3)
  3 quokkas
  6 bats
  6 frilled lizards
  14 kobolds
  32 rats
212 creatures vanquished.

Vanquished Creatures (others)
  A kobold (D:8)
1 creature vanquished.

Grand Total: 213 creatures vanquished

Notes
Turn   | Place    | Note
-------+----------+-------------------------------------------
     0 | D:1      | hikkokomori the Spriggan Hexslinger began the quest for the
                  | Orb.
     0 | D:1      | Reached XP level 1. HP: 9/9 MP: 3/3
     1 | D:1      | Found a runed translucent door.
   205 | D:1      | Reached skill level 1 in Fighting
   218 | D:1      | Reached skill level 1 in Stealth
   218 | D:1      | Reached XP level 2. HP: 14/14 MP: 5/5
   420 | D:1      | You fall into a shaft and drop 1 floor!
   488 | D:2      | Noticed Jessica
   494 | D:2      | Killed Jessica
   495 | D:2      | Reached skill level 2 in Stealth
   495 | D:2      | Reached XP level 3. HP: 5/18 MP: 7/7
   559 | D:2      | Noticed Natasha
   564 | D:2      | Killed Natasha
   565 | D:2      | Reached XP level 4. HP: 22/22 MP: 8/8
   592 | D:2      | Found a faded altar of an unknown god.
   764 | D:2      | Noticed Natasha
   775 | D:2      | Killed Natasha
   909 | D:2      | Noticed Natasha
   917 | D:2      | Killed Natasha
   918 | D:2      | Reached skill level 3 in Stealth
   918 | D:2      | Reached XP level 5. HP: 25/26 MP: 10/10
   933 | D:2      | Noticed Robin
  1082 | D:2      | Killed Robin
  1625 | D:3      | Identified the +1 leather armour "Yntuysun" {rC+}
  1683 | D:3      | Identified the +2 hat of Honour {Contam Rampage *Corrode
                  | rPois}
  1916 | D:3      | Learned a level 2 spell: Ensorcelled Hibernation
  1920 | D:3      | Learned a level 3 spell: Inner Flame
  1924 | D:3      | Learned a level 3 spell: Swiftness
  2287 | D:4      | Reached XP level 6. HP: 27/30 MP: 7/11
  2342 | D:4      | Found a glowing drain.
  2358 | Sewer    | Entered a sewer
  2465 | Sewer    | Reached skill level 4 in Stealth
  2465 | Sewer    | Reached skill level 5 in Hexes
  2718 | Sewer    | Reached skill level 1 in Fire Magic
  3406 | D:4      | Noticed Dowan
  3408 | D:4      | Noticed Duvessa
  3425 | D:4      | Killed Duvessa
  3428 | D:4      | Killed Dowan
  3429 | D:4      | Reached XP level 7. HP: 24/35 MP: 7/12
  3934 | D:5      | Entered Level 5 of the Dungeon
  4010 | D:5      | Learned a level 2 spell: Passwall
  4020 | D:5      | Found a hazy altar of Hepliaklqana.
  4383 | D:5      | Reached skill level 5 in Stealth
  4978 | D:6      | Found a staircase to the Ecumenical Temple.
  5034 | Temple   | Entered the Ecumenical Temple
  5261 | D:6      | Reached skill level 6 in Stealth
  5277 | D:6      | Reached XP level 8. HP: 40/40 MP: 8/15
  5828 | D:6      | Reached skill level 5 in Ranged Weapons
  5871 | D:6      | Reached skill level 7 in Stealth
  5871 | D:6      | Reached skill level 5 in Spellcasting
  5895 | D:6      | Reached skill level 5 in Dodging
  6626 | D:7      | Reached XP level 9. HP: 33/45 MP: 13/18
  6726 | D:7      | Reached skill level 8 in Stealth
  6863 | D:7      | Noticed Prince Ribbit
  6868 | D:7      | Killed Prince Ribbit
  7100 | D:7      | Learned a level 3 spell: Portal Projectile
  7104 | D:7      | Learned a level 3 spell: Gell's Gravitas
  7229 | D:7      | Found a stormy altar of Qazlal.
  7613 | D:7      | Reached skill level 9 in Stealth
  8108 | D:8      | Reached skill level 5 in Fighting
  8108 | D:8      | Reached skill level 1 in Translocations
  8220 | D:8      | Found a transporter.
  8418 | D:8      | Found a transporter.
  8654 | D:8      | Found a shadowy altar of Dithmenos.
  8997 | D:7      | Killed by an exploding killer bee... ignited by their inner
                  | flame

Illustrated notes

Levels and vault maps discovered:
D:1:      dpeg_arrival_caged_fury, layout_basic, serial_glass, glass_columns_a,
          glass_columns_c, minmay_misc_feat_doors, minivault_24
D:2:      layout_rooms, hellmonk_ecumenical_altar_blasted, uniq_jessica,
          uniq_natasha, uniq_robin
D:3:      layout_loops_ring
D:4:      layout_basic, cheibrodos_sewer_entry_sluice, uniq_duvessa
D:5:      layout_basic, lemuel_coloured_pillars_altar,
          kennysheep_generic_room_13
D:6:      layout_basic, minmay_temple_entry_mist, minmay_checkerbox
D:7:      layout_cave_pods, mainiacjoe_overflow_brackets, uniq_prince_ribbit1
D:8:      gammafunk_cloud_chamber, layout_loops_cross,
          nicolae_overflow_hidden_temple
Temple:   eino_wide_crystal_templ

Skill      XL: |  1  2  3  4  5  6  7  8  9 |
---------------+----------------------------+-----
Fighting       | 1 2 3 4 5 |  5.3
Stealth        | 1 2 3 4 6 7 9 |  9.0
Spellcasting   | 2 3 4 5 7 |  7.2
Hexes          | 4 5 |  5.4
Ranged Weapons | 3 4 5 6 |  6.7
Fire Magic     | 1 |  1.5
Dodging        | 4 5 7 |  7.5
Translocations | 3 |  3.0

Action                     |  1- 3 |  4- 6 |  7- 9 || total
---------------------------+-------+-------+-------++-------
  Melee: Mace              |       |     6 |       ||     6
         Short sword       |       |       |     5 ||     5
   Fire: Sling             |    67 |   313 |   120 ||   500
         Shortbow          |       |       |   204 ||   204
   Cast: Slow              |       |     1 |       ||     1
         Ensorcelled Hiber |       |     8 |    11 ||    19
         Inner Flame       |       |    11 |    61 ||    72
  Evoke: Wand              |       |       |     1 ||     1
    Use: Scroll            |       |     7 |     4 ||    11
         Potion            |       |     1 |       ||     1
   Stab: Sleeping          |       |       |     3 ||     3
 Armour: Robe              |     2 |    29 |    16 ||    47
  Dodge: Dodged            |     6 |   128 |   115 ||   249
